Map: 莱瑞拉克之冠

Players

Gentleprobe (Cyan)

  • Race: Protoss Protoss
  • League: Master

二次元生物

  • Race: Protoss Protoss

高冷小傲娇

  • Race: Terran Terran

Star

  • Race: Terran Terran
  • League: Silver

VOD

Have the link to the VOD?

Description

Time

  • Played on: Feb. 6, 2016, 1:05 a.m.
  • Length: 9:26
Show
View Real Time Build Order
Export as new Build Order

Gentleprobe Protoss 

Build Orders: 1 Gate Expand, Oracle Opening, Colossus Rush 

Get SALT Encoding   

  12  0:00  Probe (Chrono Boost)  
  13  0:11  Probe (Chrono Boost)  
  14  0:18  Pylon  
  14  0:22  Probe (Chrono Boost)  
  15  0:36  Probe (Chrono Boost)  
  15  0:37  Gateway  
  15  0:42  Assimilator  
  16  0:47  Probe (Chrono Boost)  
  17  0:58  Probe (Chrono Boost)  
  18  1:08  Probe (Chrono Boost)  
  19  1:20  Nexus  
  19  1:21  Probe (Chrono Boost)  
  20  1:31  Cybernetics Core  
  20  1:35  Probe (Chrono Boost)  
  20  1:39  Assimilator  
  21  1:46  Probe (Chrono Boost)  
  22  1:52  Pylon  
  22  1:56  Probe (Chrono Boost)  
  23  2:08  Warp Gate  
  23  2:10  Probe, Stalker (Chrono Boost)  
  26  2:22  Probe  
  27  2:29  Stargate  
  27  2:34  Probe (Chrono Boost)  
  28  2:39  Probe (Chrono Boost)  
  29  2:46  Probe (Chrono Boost)  
  29  2:50  Stalker  
  32  2:52  Probe (Chrono Boost)  
  32  2:56  Probe (Chrono Boost)  
  34  3:02  Probe (Chrono Boost)  
  35  3:07  Probe (Chrono Boost)  
  35  3:11  Probe (Chrono Boost)  
  36  3:13  Oracle (Chrono Boost)  
  36  3:18  Probe  
  36  3:19  Pylon  
  41  3:22  Probe  
  41  3:25  Stalker  
  44  3:30  Probe  
  44  3:33  Probe  
  46  3:42  Probe (Chrono Boost)  
  46  3:44  Probe (Chrono Boost)  
  46  3:46  Gateway, Robotics Facility  
  48  3:50  Gateway  
  48  3:53  Probe (Chrono Boost)  
  49  3:59  Probe (Chrono Boost)  
  49  4:00  Assimilator  
  50  4:04  Probe (Chrono Boost), Assimilator  
  50  4:05  Pylon  
  50  4:09  Probe (Chrono Boost)  
  53  4:17  Probe (Chrono Boost)  
  53  4:20  Probe (Chrono Boost)  
  53  4:21  Pylon  
  54  4:25  Sentry  
  54  4:28  Probe (Chrono Boost)  
  57  4:32  Probe (Chrono Boost)  
  58  4:41  Probe (Chrono Boost)  
  58  4:43  Observer (Chrono Boost)  
  60  4:46  Mothership Core  
  60  4:47  Robotics Bay  
  60  4:49  Pylon, Nexus  
  62  4:54  Pylon  
  62  4:56  Probe  
  62  4:58  Sentry  
  65  5:04  Observer (Chrono Boost)  
  66  5:09  Zealot x2  
  66  5:11  Probe x2  
  66  5:12  Pylon  
  72  5:22  Probe  
  72  5:23  Probe  
  74  5:31  Colossus (Chrono Boost)  
  74  5:33  Probe  
  76  5:35  Probe  
  76  5:40  Extended Thermal Lance (Chrono Boost)  
  82  5:43  Assimilator  
  82  5:45  Probe, Zealot x2  
  82  5:47  Assimilator  
  82  5:48  Probe, Zealot  
  90  5:57  Probe  
  90  5:58  Forge  
  90  6:00  Forge  
  90  6:03  Probe  
  91  6:05  Probe  
  93  6:13  Probe  
  93  6:16  Colossus  
  93  6:17  Probe  
  93  6:18  Probe  
  95  6:25  Probe  
  103  6:29  Probe x2  
  103  6:30  Twilight Council  
  105  6:33  Protoss Ground Armor Level 1 (Chrono Boost), Pylon, Protoss Ground Weapons Level 1 (Chrono Boost)  
  105  6:36  Pylon  
  105  6:41  Probe  
  105  6:44  Pylon  
  105  6:46  Probe  
  107  6:53  Stalker x3  
  113  6:58  Gateway  
  113  7:00  Gateway  
  113  7:07  Gateway  
  113  7:08  Probe x2  
  113  7:13  Pylon  
  113  7:14  Blink (Chrono Boost)  
  111  7:20  Probe  
  112  7:27  Stalker x3  
  115  7:37  Pylon  
  115  7:38  Colossus (Chrono Boost)  
  121  7:45  Gateway  
  121  7:47  Gateway  
  121  7:50  Pylon  
  121  7:55  Adept  
  121  7:56  Adept  
  121  7:58  Pylon  
  125  8:04  Stalker x3  
  129  8:15  Gateway x2  
  129  8:24  Pylon  
  129  8:25  Stalker x3  
  135  8:30  Stalker x2  
  135  8:31  Warp Prism (Chrono Boost), Stalker  
  143  8:40  Pylon  
  143  8:41  Pylon  
  143  8:42  Pylon  
  143  8:53  Stalker x7  
  157  8:57  Stalker  
Show
View Real Time Build Order
Export as new Build Order

二次元生物 Protoss 

Build Orders:  

Get SALT Encoding   

  12  0:00  SCV  
  13  0:13  SCV  
  14  0:17  Supply Depot  
  14  0:25  SCV  
  15  0:30  Refinery  
  15  0:39  SCV  
  16  0:45  Barracks  
  16  0:51  SCV  
  17  1:03  SCV  
  18  1:16  SCV  
  19  1:32  Orbital Command  
  19  1:34  Reaper  
  19  1:36  Supply Depot  
  20  1:58  SCV  
  21  2:03  Command Center  
  21  2:09  Barracks  
  21  2:15  SCV  
  22  2:17  Barracks Reactor  
  22  2:35  SCV  
  23  2:40  Barracks  
  23  2:44  Refinery  
  23  2:48  SCV  
  24  2:53  Marine x2  
  24  2:55  Factory  
  24  2:57  Supply Depot  
  26  3:07  Barracks Tech Lab  
  26  3:17  Marine x2  
  28  3:21  Orbital Command  
  28  3:22  Bunker  
  28  3:31  Stimpack  
  28  3:32  Barracks Reactor  
  28  3:35  SCV  
  29  3:43  Marine x2  
  29  3:47  SCV  
  32  3:49  SCV  
  32  3:53  Marine  
  33  3:59  Engineering Bay  
  33  4:07  SCV  
  33  4:09  SCV  
  35  4:11  Marine x3  
  38  4:21  Marine x2  
  38  4:22  Widow Mine  
  42  4:27  Starport  
  39  4:32  Missile Turret  
  39  4:38  SCV  
  40  4:42  SCV  
  40  4:44  Marine  
  42  4:50  SCV  
  43  4:55  Missile Turret  
  43  5:00  Missile Turret  
  43  5:01  SCV  
  44  5:11  Starport Reactor  
  44  5:12  Factory Tech Lab  
  44  5:14  Marine x4  
  44  5:15  Marine  
  44  5:20  Terran Infantry Weapons Level 1  
  49  5:24  SCV  
  49  5:26  SCV  
  51  5:31  Combat Shields  
  51  5:33  Supply Depot  
  51  5:35  Supply Depot  
  51  5:36  SCV, Marine  
  51  5:37  Marine  
  51  5:38  Liberator  
  54  5:47  Refinery  
  54  5:48  Refinery  
  54  5:55  SCV, Medivac, Marine x2  
  62  5:58  SCV  
  62  6:01  Marine  
  62  6:02  Marine  
  62  6:03  Marine  
  66  6:07  SCV  
  67  6:11  SCV  
  68  6:19  SCV  
  68  6:21  Marine  
  70  6:26  Supply Depot  
  70  6:29  Supply Depot  
  70  6:38  Supply Depot  
  70  6:48  SCV, Marauder, Marine x3  
  76  6:54  SCV  
  76  6:55  Marine, Command Center  
  76  7:00  SCV  
  79  7:05  Marine  
  79  7:06  SCV  
  81  7:12  SCV  
  81  7:14  Marine x2  
  81  7:15  Marine  
  85  7:16  Marauder  
  85  7:18  SCV  
  85  7:19  Terran Infantry Armor Level 1  
  87  7:24  SCV  
  85  7:40  Marine x4  
  85  7:42  Marauder  
  91  7:45  Viking  
  91  7:47  SCV  
  91  7:49  Supply Depot  
  91  7:51  Supply Depot  
  94  7:54  Supply Depot  
  94  8:07  SCV x2, Orbital Command, Viking  
  98  8:15  Marine  
  98  8:16  Marine x3  
  98  8:19  SCV x2  
  104  8:25  Barracks  
  104  8:27  Barracks  
  104  8:31  SCV x2, Barracks  
  104  8:33  Barracks  
  106  8:35  Supply Depot  
  106  8:39  Engineering Bay  
  106  8:44  Supply Depot  
  106  8:45  Marine x4  
  106  8:47  Armory  
  100  9:07  Marine  
  100  9:08  Marine  
Show
View Real Time Build Order
Export as new Build Order

高冷小傲娇 Terran 

Build Orders:  

Get SALT Encoding   

Show
View Real Time Build Order
Export as new Build Order

Star Terran 

Build Orders:  

Get SALT Encoding   

Tags
 
Add a new tag
Caveats
  • Supply blocks, unpowered buildings, or Contaminate may cause inaccurate times.
  • Supply counts are checked every 10 seconds.